[Event "Commonwealth CC-Open 2024"]
[Site "Malacca"]
[Date "2024.02.22"]
[Round "4.15"]
[White "Genkeswaran, Genivan"]
[Black "Gong, Qianyun"]
[Result "1-0"]
[ECO "A85"]
[WhiteElo "1805"]
[BlackElo "2263"]
[Annotator "RC"]
[PlyCount "96"]
[EventDate "2024.02.21"]
[EventCountry "MAS"]
[SourceTitle "playchess.com"]
[Source "ChessBase"]
[SourceQuality "1"]
[TimeControl "5400+30"]

1. d4 e6 2. c4 f5 3. Nc3 Nf6 4. Nf3 b6 5. e3 Bb7 6. Be2 Bb4 7. Bd2 O-O 8. Qb3 a5 9. a3 Bxc3 10. Bxc3 Ne4 11. Qc2 d6 12. O-O Nd7 13. Rad1 Rf6 14. d5 e5 15. Nd2 Nxc3 16. Qxc3 a4 17. f4 Qe7 18. Nf3 Re8 19. g3 Nc5 20. Rfe1 Bc8 21. Bf1 Bd7 22. Bg2 Rh6 23. Ng5 e4 24. Bf1 Rf6 25. h4 h6 26. Nh3 Rb8 27. Kh2 b5 28. Ng1 bxc4 29. Bxc4 Be8 30. Ne2 Bb5 31. Bxb5 Rxb5 32. Nd4 Rb6 33. Re2 Rf8 34. Rg1 Qf7 35. g4 Qe7 36. Kh3 Rb3 37. Nxb3 axb3 38. gxf5 Rxf5 39. Reg2 Rf7 40. f5 Kh7 41. Rg4 Nd3 42. Rf1 Qd7 43. Qd4 Nc5 44. Kh2 Kg8 45. Rfg1 Kf8 46. Rf4 Qb5 47. Rg2 Rf6 48. Rfg4 Qd7 1-0

[Event "Commonwealth CC-Open 2024"]
[Site "Malacca"]
[Date "2024.02.22"]
[Round "4.16"]
[White "Mujahid Bin Yazeed"]
[Black "Wong, Jianwen"]
[Result "0-1"]
[ECO "B07"]
[WhiteElo "1797"]
[BlackElo "2254"]
[Annotator "RC"]
[PlyCount "40"]
[EventDate "2024.02.21"]
[EventCountry "MAS"]
[SourceTitle "playchess.com"]
[Source "ChessBase"]
[SourceQuality "1"]
[TimeControl "5400+30"]

1. e4 d6 2. d4 Nf6 3. Nc3 e5 4. dxe5 dxe5 5. Bd3 c6 6. Nf3 Qc7 7. Qe2 Nbd7 8. O-O Nc5 9. Ne1 Ne6 10. Be3 Bd6 11. Nb1 h5 12. c4 Ng4 13. Nc2 Nxe3 14. Qxe3 Bc5 15. Qd2 a5 16. Nc3 h4 17. a3 a4 18. Kh1 Nf4 19. h3 Bxh3 20. gxh3 Qd7 0-1

[Event "Commonwealth CC-Open 2024"]
[Site "Malacca"]
[Date "2024.02.22"]
[Round "4.17"]
[White "Pon, Matt"]
[Black "Kapoor, Satvik"]
[Result "1/2-1/2"]
[ECO "B30"]
[WhiteElo "2202"]
[BlackElo "1791"]
[Annotator "RC"]
[PlyCount "73"]
[EventDate "2024.02.21"]
[EventCountry "MAS"]
[SourceTitle "playchess.com"]
[Source "ChessBase"]
[SourceQuality "1"]
[TimeControl "5400+30"]

1. e4 c5 2. Nf3 d6 3. g3 Nf6 4. d3 Nc6 5. Bg2 e6 6. O-O Be7 7. Re1 Qc7 8. c3 e5 9. a3 O-O 10. b4 b5 11. a4 bxa4 12. b5 Nd8 13. Rxa4 Ne6 14. Re2 Bd7 15. c4 a6 16. Rea2 Bc8 17. Nc3 Qb6 18. Bg5 Nc7 19. R4a3 Rb8 20. bxa6 Nxa6 21. Nh4 Nb4 22. Rb2 Qc7 23. Nb5 Qb6 24. Bd2 Bd7 25. Nf5 Bxf5 26. exf5 d5 27. Nc3 Qd6 28. Nb5 Qd7 29. Ra7 Rb7 30. Rxb7 Qxb7 31. Bxb4 cxb4 32. Nc3 Qa7 33. Nxd5 Nxd5 34. Bxd5 Qd4 35. Rb1 Bc5 36. Qc2 Qc3 37. Qd1 1/2-1/2

[Event "Commonwealth CC-Open 2024"]
[Site "Malacca"]
[Date "2024.02.22"]
[Round "4.18"]
[White "Rebecca Jesumarian"]
[Black "Vrashank Chouhan"]
[Result "0-1"]
[ECO "E01"]
[WhiteElo "1805"]
[BlackElo "2046"]
[Annotator "RC"]
[PlyCount "66"]
[EventDate "2024.02.21"]
[EventCountry "MAS"]
[SourceTitle "playchess.com"]
[Source "ChessBase"]
[SourceQuality "1"]
[TimeControl "5400+30"]

1. d4 d5 2. c4 e6 3. Nf3 Nf6 4. g3 c6 5. Bg2 Nbd7 6. O-O Bd6 7. Nc3 O-O 8. Nd2 Bc7 9. e4 dxe4 10. Ndxe4 Nxe4 11. Nxe4 e5 12. d5 cxd5 13. cxd5 h6 14. d6 Bb6 15. Nc3 Nc5 16. Be3 Bf5 17. Bxc5 Bxc5 18. Bxb7 Rb8 19. Qf3 Bd4 20. Nb5 Bxb2 21. Bc6 Bxa1 22. Qxf5 Rb6 23. Qe4 Bd4 24. Qd5 Qf6 25. Nxd4 exd4 26. Rd1 Rd8 27. Re1 Rxd6 28. Re8+ Kh7 29. Qe4+ Qg6 30. Qe7 Rbxc6 31. Qf8 Qf6 32. Qg8+ Kg6 33. Re4 Rd5 0-1

[Event "Commonwealth CC-Open 2024"]
[Site "Malacca"]
[Date "2024.02.22"]
[Round "4.20"]
[White "Dabarera, G W D M"]
[Black "Anderson, Gavin"]
[Result "1-0"]
[ECO "B14"]
[WhiteElo "1771"]
[BlackElo "2159"]
[Annotator "RC"]
[PlyCount "83"]
[EventDate "2024.02.21"]
[EventCountry "MAS"]
[SourceTitle "playchess.com"]
[Source "ChessBase"]
[SourceQuality "1"]
[TimeControl "5400+30"]

1. e4 c6 2. d4 d5 3. exd5 cxd5 4. c4 Nf6 5. Nc3 e6 6. c5 Be7 7. Nf3 Ne4 8. Bb5+ Bd7 9. Qb3 b6 10. Bxd7+ Nxd7 11. c6 Ndf6 12. Bf4 Bd6 13. Ne5 Nxc3 14. Qxc3 Ne4 15. Qb3 Qc7 16. f3 Nf6 17. g4 O-O 18. Rc1 b5 19. O-O Rab8 20. Rc2 Rfc8 21. Rfc1 Rb6 22. Qe3 Ne8 23. Kg2 a5 24. Bg3 Bxe5 25. dxe5 Ra6 26. Qc5 Qb6 27. Qe7 Qc7 28. Qc5 Qb6 29. Qe7 Qc7 30. Qa3 Qd8 31. Bf2 Rc7 32. Qd3 Qb8 33. Rc5 Rb6 34. R5c2 Ra6 35. a4 Ra8 36. axb5 Rc8 37. b6 Qxe5 38. b7 Rab8 39. Bg3 Qf6 40. Bxb8 Rxb8 41. c7 Nxc7 42. Rxc7 1-0

[Event "Commonwealth CC-Open 2024"]
[Site "Malacca"]
[Date "2024.02.22"]
[Round "4.21"]
[White "Sanudula, K M Dahamdi"]
[Black "Smith, Robert W"]
[Result "1-0"]
[ECO "A45"]
[WhiteElo "1744"]
[BlackElo "2152"]
[Annotator "ChessBase"]
[PlyCount "173"]
[EventDate "2024.02.21"]
[EventCountry "MAS"]
[SourceTitle "playchess.com"]
[Source "ChessBase"]
[SourceQuality "1"]
[TimeControl "5400+30"]

1. d4 Nf6 2. e3 g6 3. Bd3 d6 4. f4 Bg7 5. Nf3 O-O 6. e4 c5 7. c3 cxd4 8. cxd4 Bg4 9. Be3 Nc6 10. Nbd2 Nd7 11. Qb3 Bxf3 12. Nxf3 Qb6 13. Qxb6 Nxb6 14. Kd2 d5 15. e5 e6 16. Rac1 Rfc8 17. Ke2 Nb4 18. Bd2 Nxd3 19. Kxd3 Bf8 20. Rxc8 Rxc8 21. Rc1 Rxc1 22. Bxc1 Be7 23. g4 h5 24. g5 Kf8 25. b3 Ke8 26. Bb2 Kd7 27. Nd2 Kc6 28. Kc3 a5 29. a3 Na8 30. Kd3 Nc7 31. Bc1 Nb5 32. Nb1 Na7 33. Nd2 Kb5 34. Nb1 Ka6 35. Nd2 Nc6 36. Bb2 Bd8 37. Nb1 Be7 38. Nd2 b5 39. Kc2 Bd8 40. Kd3 Be7 41. Nb1 Na7 42. Nd2 Nc8 43. Bc1 Nb6 44. Nf1 Nd7 45. Nd2 Nb8 46. Bb2 Nc6 47. Nb1 Kb6 48. Nd2 a4 49. b4 Bxb4 50. axb4 Nxb4+ 51. Kc3 Nc6 52. Kc2 b4 53. Ba1 Kb5 54. Bb2 Na5 55. Bc1 Nc4 56. Nb1 a3 57. Kb3 Na5+ 58. Ka2 Ka4 59. Bd2 Nc4 60. Be1 Na5 61. Nxa3 Nc6 62. Nb1 Nxd4 63. Bf2 Nf3 64. h3 d4 65. Kb2 d3 66. Be3 Ne1 67. Kc1 Nf3 68. Nd2 Ne1 69. Nc4 Kb3 70. Nb2 Ng2 71. Bd2 Nh4 72. Nxd3 Nf3 73. Bxb4 Kc4 74. Kc2 Ng1 75. Bd2 Nxh3 76. Be3 Kd5 77. Kd2 Ke4 78. Ke2 h4 79. Nc5+ Kf5 80. Kf3 Nxg5+ 81. fxg5 Kxe5 82. Nd7+ Kf5 83. Nf6 e5 84. Bc1 Ke6 85. Kg4 h3 86. Kxh3 Kf5 87. Kg3 1-0

[Event "Commonwealth CC-Open 2024"]
[Site "Malacca"]
[Date "2024.02.22"]
[Round "4.24"]
[White "Mahmood Shah, Mukhriez Shah"]
[Black "Yeo, Klaus Lucas"]
[Result "1-0"]
[ECO "C14"]
[WhiteElo "2007"]
[BlackElo "1549"]
[Annotator "RC"]
[PlyCount "85"]
[EventDate "2024.02.21"]
[EventCountry "MAS"]
[SourceTitle "playchess.com"]
[Source "ChessBase"]
[SourceQuality "1"]
[TimeControl "5400+30"]

1. e4 e6 2. d4 d5 3. Nc3 Nf6 4. Bg5 Be7 5. e5 Nfd7 6. Bxe7 Qxe7 7. f4 a6 8. Nf3 c5 9. Bd3 Nc6 10. O-O b5 11. Qd2 cxd4 12. Ne2 Bb7 13. Nexd4 Nc5 14. Nxc6 Bxc6 15. Nd4 Rc8 16. f5 g6 17. f6 Qc7 18. Rae1 Bb7 19. Kh1 Ne4 20. Bxe4 dxe4 21. Nxe6 fxe6 22. f7+ Ke7 23. Qg5+ Kd7 24. Rd1+ Bd5 25. Rxd5+ exd5 26. Rf6 Qc5 27. e6+ Ke7 28. Rxg6+ Kd6 29. Rh6 Qf2 30. h4 b4 31. e7+ Kc5 32. Rf6 Qe1+ 33. Kh2 Rhg8 34. fxg8=Q Rxg8 35. Qxg8 Qxh4+ 36. Kg1 Qe1+ 37. Rf1 Qe3+ 38. Kh2 Qh6+ 39. Kg3 Qe3+ 40. Kh4 Qh6+ 41. Kg4 Qh2 42. Kf5 Qh5+ 43. Ke6 1-0

[Event "Commonwealth CC-Open 2024"]
[Site "Malacca"]
[Date "2024.02.22"]
[Round "4.25"]
[White "Muhammed, Shuaau"]
[Black "Muraley, Rittesh"]
[Result "1-0"]
[ECO "B12"]
[WhiteElo "2093"]
[BlackElo "1663"]
[Annotator "RC"]
[PlyCount "95"]
[EventDate "2024.02.21"]
[EventCountry "MAS"]
[SourceTitle "playchess.com"]
[Source "ChessBase"]
[SourceQuality "1"]
[TimeControl "5400+30"]

1. e4 c6 2. d4 d5 3. e5 Bf5 4. h4 h5 5. Bd3 Bxd3 6. Qxd3 e6 7. Bg5 Qb6 8. Nd2 Nd7 9. c4 Qa6 10. Qc2 Ne7 11. Ngf3 dxc4 12. Nxc4 Nd5 13. O-O N7b6 14. b3 Nxc4 15. bxc4 Nb6 16. c5 Nd5 17. Nd2 Be7 18. Nc4 O-O 19. Bxe7 Nxe7 20. Rfd1 Nf5 21. Rab1 Rab8 22. Rd3 b5 23. Nd6 g6 24. Nxf5 exf5 25. Re1 Rfe8 26. d5 cxd5 27. Rxd5 Rbc8 28. Qd2 Qc6 29. f4 Qc7 30. Rc1 Red8 31. Rd6 Kf8 32. Qd4 Qe7 33. g3 Ke8 34. c6 a5 35. Rd1 Qc7 36. Qc5 b4 37. e6 Rxd6 38. Rxd6 fxe6 39. Rd7 Qxd7 40. cxd7+ Kxd7 41. Qxa5 Rc1+ 42. Kg2 Rc2+ 43. Kf3 Rc3+ 44. Kf2 Rc2+ 45. Ke3 Rc3+ 46. Kd4 Rxg3 47. Qxb4 Rf3 48. Qb7+ 1-0

[Event "Commonwealth CC-Open 2024"]
[Site "Malacca"]
[Date "2024.02.22"]
[Round "5.1"]
[White "Sethuraman, S.P."]
[Black "Vaibhav, Suri"]
[Result "1/2-1/2"]
[ECO "C02"]
[WhiteElo "2594"]
[BlackElo "2596"]
[Annotator "ChessBase"]
[PlyCount "62"]
[EventDate "2024.02.21"]
[EventCountry "MAS"]
[SourceTitle "playchess.com"]
[Source "ChessBase"]
[SourceQuality "1"]
[TimeControl "5400+30"]

1. e4 e6 2. d4 d5 3. e5 c5 4. c3 Nc6 5. Nf3 Qb6 6. a3 Nh6 7. Bd3 cxd4 8. O-O Bd7 9. b4 Rc8 10. Bb2 dxc3 11. Nxc3 Be7 12. Qb1 Nd4 13. Nxd4 Qxd4 14. Nb5 Qh4 15. Nxa7 Rb8 16. Nb5 f6 17. Nd4 Nf7 18. f4 fxe5 19. Nf3 Qxf4 20. Kh1 Qh6 21. Nxe5 Bd6 22. Rxf7 Bxe5 23. Bxe5 Kxf7 24. Qf1+ Ke7 25. Qf2 Rbc8 26. h3 Rhf8 27. Qb6 Rc6 28. Qd4 Rf7 29. Kh2 g5 30. b5 Rc8 31. Qe3 Qh5 1/2-1/2

[Event "Commonwealth CC-Open 2024"]
[Site "Malacca"]
[Date "2024.02.22"]
[Round "5.2"]
[White "Lalit Babu M R"]
[Black "Mitrabha, Guha"]
[Result "1-0"]
[ECO "A13"]
[WhiteElo "2525"]
[BlackElo "2504"]
[Annotator "RC"]
[PlyCount "69"]
[EventDate "2024.02.21"]
[EventCountry "MAS"]
[SourceTitle "playchess.com"]
[Source "ChessBase"]
[SourceQuality "1"]
[TimeControl "5400+30"]

1. Nf3 Nf6 2. c4 e6 3. g3 d5 4. Bg2 d4 5. O-O Nc6 6. d3 Bc5 7. e3 O-O 8. exd4 Bxd4 9. Nxd4 Nxd4 10. Bf4 Re8 11. Be5 Nc6 12. d4 Nd7 13. Bxc6 bxc6 14. Nc3 c5 15. Nb5 Nxe5 16. dxe5 Bd7 17. b3 Bxb5 18. cxb5 a6 19. bxa6 Qxd1 20. Rfxd1 Rxa6 21. Rd7 c6 22. a4 g5 23. Rc1 Rb8 24. Rc3 c4 25. Rxc4 Rxb3 26. Rg4 h6 27. h4 Ra5 28. hxg5 h5 29. Re4 Rd5 30. Rc7 c5 31. Rf4 Rxe5 32. Rfxf7 Rxg5 33. a5 Ra3 34. Rfd7 Rd5 35. Rc8# 1-0

[Event "Commonwealth CC-Open 2024"]
[Site "Malacca"]
[Date "2024.02.22"]
[Round "5.3"]
[White "Mohammad Nubairshah Shaikh"]
[Black "Novak, Attila Robert"]
[Result "1-0"]
[ECO "E05"]
[WhiteElo "2428"]
[BlackElo "2130"]
[Annotator "RC"]
[PlyCount "123"]
[EventDate "2024.02.21"]
[EventCountry "MAS"]
[SourceTitle "playchess.com"]
[Source "ChessBase"]
[SourceQuality "1"]
[TimeControl "5400+30"]

1. c4 e6 2. Nf3 d5 3. g3 Nf6 4. Bg2 Be7 5. O-O O-O 6. d4 dxc4 7. Qc2 a6 8. a4 Bd7 9. Qxc4 Bc6 10. Bf4 Nbd7 11. Rd1 Nb6 12. Qc2 Nbd5 13. Nc3 Nxf4 14. gxf4 Bxf3 15. Bxf3 c6 16. e3 Qa5 17. Kh1 Rfd8 18. Rg1 g6 19. Rac1 Rd7 20. Nb1 Rc8 21. Qb3 Qb4 22. Qxb4 Bxb4 23. Rc2 c5 24. Rgc1 b6 25. Na3 Rb8 26. Nc4 Rc7 27. Ne5 Rbc8 28. Kg2 Ne8 29. d5 exd5 30. Bxd5 Kg7 31. Bc4 Nd6 32. Bxa6 Ra8 33. Rd1 Rxa6 34. Rxd6 Rxa4 35. Rxb6 Raa7 36. Kf3 Rab7 37. Rxb7 Rxb7 38. Ke4 f6 39. Nd3 Kf7 40. Kd5 h5 41. Kc6 Rb8 42. Kc7 Rb5 43. Rc4 Ba5+ 44. Kc6 Rb3 45. Rxc5 Rxd3 46. Rxa5 Rd2 47. b4 Rxf2 48. h4 Rb2 49. b5 g5 50. fxg5 fxg5 51. b6 gxh4 52. Rxh5 Rc2+ 53. Kd7 Rd2+ 54. Kc7 Rc2+ 55. Kd7 Rd2+ 56. Kc8 Rc2+ 57. Kb8 Rc4 58. b7 Kg6 59. Ra5 h3 60. Ra2 Rh4 61. Kc7 Rc4+ 62. Kb6 1-0

[Event "Commonwealth CC-Open 2024"]
[Site "Malacca"]
[Date "2024.02.22"]
[Round "5.4"]
[White "Iniyan, Pa"]
[Black "Rohith Krishna S"]
[Result "0-1"]
[ECO "D36"]
[WhiteElo "2515"]
[BlackElo "2410"]
[Annotator "TA"]
[PlyCount "106"]
[EventDate "2024.02.21"]
[EventCountry "MAS"]
[SourceTitle "playchess.com"]
[Source "ChessBase"]
[SourceQuality "1"]
[TimeControl "5400+30"]

1. d4 Nf6 2. c4 e6 3. Nc3 d5 4. cxd5 exd5 5. Bg5 Be7 6. e3 c6 7. Bd3 Nbd7 8. Qc2 Nh5 9. Bxe7 Qxe7 10. Nge2 Nb6 11. a3 {[%emt 0:02:01] D36: Queen's Gambit Declined: Exchange Variation: Main line (5 Bg5 c6 6 Qc2).} g6 12. Qd2 $146 ({Predecessor:} 12. O-O O-O 13. b4 a6 14. Nc1 Ng7 15. Nb3 Bf5 16. Rfe1 Bxd3 17. Qxd3 f5 18. a4 Ne8 {0-1 Moroni,L (2438)-Parligras,M (2599) EU-ch 17th Gjakova 2016 (7)}) 12... O-O 13. f3 Bd7 14. g4 Qh4+ 15. Kd1 Ng7 16. Kc2 Rae8 17. Nf4 f5 18. h3 Nc8 19. Rae1 Nd6 20. Qh2 Nf7 21. Ng2 Qe7 (21... Qf2+ $2 22. Re2 Qxf3 23. Nh4 fxg4 24. Nxf3 $18) 22. Qg3 b5 23. gxf5 (23. Nf4 $15) 23... Bxf5 $17 (23... Nxf5 $6 24. Bxf5 Bxf5+ 25. e4 dxe4 26. fxe4 $11) 24. e4 dxe4 25. fxe4 Be6 (25... Bd7 $17 {...b4 would now be deadly.} 26. Nf4 b4) 26. Nf4 ({White should play} 26. d5 $1 $15 Nh5 27. Qh4 Qxh4 28. Nxh4) 26... b4 $19 27. Na4 bxa3 28. Nc5 Qd6 ({Better is} 28... Rd8 29. Qe3 axb2) 29. Ne2 $17 axb2 30. Qxd6 Nxd6 31. e5 Ndf5 32. Kxb2 Bd5 33. Rhg1 Rb8+ 34. Kc3 Ne6 35. Nxe6 Rb3+ 36. Kd2 Bxe6 37. Rb1 Rb6 38. Rgc1 (38. Rxb6 $11 axb6 39. Ra1) 38... Bd5 39. Ra1 (39. Bxf5 Rxf5 40. Rxb6 axb6 $17) 39... Rf7 (39... Rb2+ $15 40. Bc2 Rfb8) 40. Bxf5 $2 (40. Rcb1 $11) 40... Rxf5 $19 41. Rxa7 {[%emt 0:01:07] [#]} (41. Rcb1 $142) 41... Rf2 $1 $19 42. Rc2 Rb3 43. Kc1 $2 (43. e6 Bxe6 (43... Rxh3 $2 44. Ke1 $19) 44. Re7 Bxh3 (44... Bd5 $2 45. Ra2 $17) 45. Re3 Rxe3 46. Kxe3) 43... Be4 $19 (43... Rxh3 44. Ra8+ Kg7 45. Nc3 Rh1+ 46. Kb2 $17) 44. Rca2 Re3 45. e6 Bd5 ({Stronger than} 45... Rexe2 46. Rxe2 Rxe2 47. Ra8+ Kg7 48. e7 $11) 46. Rf7 Rxf7 ({Inferior is} 46... Rfxe2 47. Ra8#) 47. exf7+ Bxf7 48. Rc2 Be8 ({Not} 48... Rxh3 49. Rxc6 Rf3 50. Kd2 $17) 49. Nc3 Rxh3 50. Ne4 Rf3 51. Re2 $2 (51. Kd2 {was called for.}) 51... Bf7 $19 52. Nd6 Rf6 53. Ne4 Rf4 0-1

[Event "Commonwealth CC-Open 2024"]
[Site "Malacca"]
[Date "2024.02.22"]
[Round "5.5"]
[White "Tin, Jingyao"]
[Black "Chitlange Sakshi"]
[Result "1-0"]
[ECO "A13"]
[WhiteElo "2563"]
[BlackElo "2210"]
[Annotator "RC"]
[PlyCount "83"]
[EventDate "2024.02.21"]
[EventCountry "MAS"]
[SourceTitle "playchess.com"]
[Source "ChessBase"]
[SourceQuality "1"]
[TimeControl "5400+30"]

1. Nf3 d5 2. g3 c5 3. Bg2 Nf6 4. O-O e6 5. c4 d4 6. e3 Nc6 7. exd4 cxd4 8. d3 h6 9. Re1 Bd6 10. Na3 O-O 11. Nc2 a5 12. a3 e5 13. b3 Re8 14. Rb1 Rb8 15. b4 axb4 16. axb4 b5 17. Nd2 Bg4 18. Bf3 Bxf3 19. Qxf3 Qd7 20. Na3 Na7 21. Ne4 Nxe4 22. Rxe4 f5 23. Re1 Qf7 24. cxb5 Nxb5 25. Nxb5 Rxb5 26. Qc6 Rxb4 27. Bxh6 Reb8 28. Rxb4 Bxb4 29. Rxe5 gxh6 30. Qxh6 Bf8 31. Qg5+ Bg7 32. Rxf5 Rb1+ 33. Kg2 Qb7+ 34. Kh3 Qc8 35. Qg4 Rb6 36. Rf4 Qc1 37. Kg2 Qc6+ 38. Re4 Rb3 39. Qf3 Qb5 40. Re7 Qg5 41. Qf7+ Kh7 42. h4 1-0

[Event "Commonwealth CC-Open 2024"]
[Site "Malacca"]
[Date "2024.02.22"]
[Round "5.7"]
[White "Vrashank Chouhan"]
[Black "Das, Sayantan"]
[Result "0-1"]
[ECO "D38"]
[WhiteElo "2046"]
[BlackElo "2514"]
[Annotator "RC"]
[PlyCount "42"]
[EventDate "2024.02.21"]
[EventCountry "MAS"]
[SourceTitle "playchess.com"]
[Source "ChessBase"]
[SourceQuality "1"]
[TimeControl "5400+30"]

1. d4 d5 2. c4 e6 3. Nc3 Nf6 4. Nf3 Bb4 5. Qa4+ Nc6 6. a3 Bxc3+ 7. bxc3 Ne4 8. Bf4 O-O 9. h4 Nd6 10. e3 dxc4 11. Bxc4 Bd7 12. Be2 e5 13. dxe5 Nxe5 14. Qd1 Nec4 15. Qd4 Bb5 16. h5 h6 17. Rh3 c5 18. Qxc5 Rc8 19. Qd4 Qa5 20. Nh4 Rfd8 21. Rg3 Ne8 0-1

[Event "Commonwealth CC-Open 2024"]
[Site "Malacca"]
[Date "2024.02.22"]
[Round "5.8"]
[White "Swapnil, S. Dhopade"]
[Black "Mahmood Shah, Mukhriez Shah"]
[Result "1-0"]
[ECO "A52"]
[WhiteElo "2454"]
[BlackElo "2007"]
[Annotator "ChessBase"]
[PlyCount "83"]
[EventDate "2024.02.21"]
[EventCountry "MAS"]
[SourceTitle "playchess.com"]
[Source "ChessBase"]
[SourceQuality "1"]
[TimeControl "5400+30"]

1. d4 Nf6 2. c4 e5 3. dxe5 Ng4 4. Bf4 Nc6 5. Nf3 Bb4+ 6. Nbd2 Qe7 7. e3 Ngxe5 8. Nxe5 Nxe5 9. Be2 O-O 10. O-O Bxd2 11. Qxd2 d6 12. Qc3 Ng6 13. Bg3 Bf5 14. Rfd1 Be4 15. b4 Rfd8 16. a4 Nf8 17. a5 a6 18. Rd4 Bg6 19. Rad1 Ne6 20. R4d2 h5 21. h4 Rab8 22. Rd5 Be4 23. Rxh5 f6 24. Bd3 Qf7 25. Rd5 Bxd5 26. cxd5 Nf8 27. Rc1 Rd7 28. Qd4 Ra8 29. Qg4 Re7 30. h5 Qe8 31. Rc4 Qd7 32. Bf5 Qb5 33. Rd4 Qe8 34. Qf3 Nh7 35. Rh4 Ng5 36. Qg4 Rd8 37. Bf4 c6 38. Bxg5 fxg5 39. Qxg5 cxd5 40. h6 g6 41. Bxg6 Qf8 42. Rf4 1-0

[Event "Commonwealth CC-Open 2024"]
[Site "Malacca"]
[Date "2024.02.22"]
[Round "5.10"]
[White "Wong, Jianwen"]
[Black "Wong, Zhenyong Jayden"]
[Result "0-1"]
[ECO "A48"]
[WhiteElo "2254"]
[BlackElo "2406"]
[Annotator "RC"]
[PlyCount "105"]
[EventDate "2024.02.21"]
[EventCountry "MAS"]
[SourceTitle "playchess.com"]
[Source "ChessBase"]
[SourceQuality "1"]
[TimeControl "5400+30"]

1. Nf3 g6 2. e3 Bg7 3. Be2 Nf6 4. O-O O-O 5. d4 b6 6. c4 Bb7 7. Re1 e6 8. b4 d5 9. Bb2 dxc4 10. Bxc4 Ne4 11. Qe2 Nd7 12. Nbd2 Nxd2 13. Qxd2 Bxf3 14. gxf3 c5 15. Be2 Qg5+ 16. Kh1 Qh4 17. dxc5 Bxb2 18. Qxb2 bxc5 19. Bb5 Nf6 20. bxc5 Rab8 21. Qe2 Qb4 22. a4 Qxc5 23. Rac1 Qe5 24. Qc4 Qf5 25. Kg2 Qg5+ 26. Kh1 Nd5 27. Rg1 Qf6 28. f4 Rfd8 29. Rgd1 Qh4 30. Qe2 Nf6 31. Kg2 Ne4 32. Bd3 Nd6 33. Rb1 Rxb1 34. Bxb1 Qe7 35. Qf3 Rc8 36. h3 Kg7 37. Rd4 Rc1 38. Bd3 Qc7 39. Kh2 a5 40. Qa8 Rd1 41. Qa6 Nf5 42. Rc4 Qd8 43. Bxf5 exf5 44. Qc6 Qd2 45. Rc2 Qd8 46. Qc3+ Kh6 47. Rc1 Rd3 48. Qc5 Rd2 49. Rc2 Rd5 50. Qc7 Qe8 51. Qc4 Rd1 52. Qc6 Qd8 53. Qc4 0-1

[Event "Commonwealth CC-Open 2024"]
[Site "Malacca"]
[Date "2024.02.22"]
[Round "5.13"]
[White "Liu, Yi"]
[Black "Sanudula, K M Dahamdi"]
[Result "1-0"]
[ECO "D00"]
[WhiteElo "2260"]
[BlackElo "1744"]
[Annotator "RC"]
[PlyCount "49"]
[EventDate "2024.02.21"]
[EventCountry "MAS"]
[SourceTitle "playchess.com"]
[Source "ChessBase"]
[SourceQuality "1"]
[TimeControl "5400+30"]

1. d4 Nf6 2. Nc3 d5 3. Bf4 e6 4. Nb5 Na6 5. e3 c6 6. Nc3 Nc7 7. Nf3 Bd6 8. h4 Qe7 9. h5 h6 10. Ne5 Nd7 11. Qg4 Bxe5 12. dxe5 f6 13. exf6 Nxf6 14. Qg6+ Kd8 15. Be5 Bd7 16. Qg3 Be8 17. Be2 Rc8 18. O-O-O Rg8 19. e4 Nd7 20. Bd6 Qg5+ 21. Qxg5+ hxg5 22. Rd3 Nf6 23. e5 Nh7 24. Rg3 g6 25. Bd3 1-0

[Event "Commonwealth CC-Open 2024"]
[Site "Malacca"]
[Date "2024.02.22"]
[Round "5.15"]
[White "Kavin Mohan"]
[Black "Visakh N R"]
[Result "0-1"]
[ECO "E43"]
[WhiteElo "1803"]
[BlackElo "2549"]
[Annotator "RC"]
[PlyCount "78"]
[EventDate "2024.02.21"]
[EventCountry "MAS"]
[SourceTitle "playchess.com"]
[Source "ChessBase"]
[SourceQuality "1"]
[TimeControl "5400+30"]

1. d4 Nf6 2. c4 e6 3. Nc3 Bb4 4. e3 b6 5. Bd3 Bb7 6. Nf3 Ne4 7. Qc2 f5 8. O-O Bxc3 9. bxc3 O-O 10. Nd2 Qh4 11. Nxe4 fxe4 12. Be2 Rf6 13. Qd1 Nc6 14. Ba3 d6 15. h3 Raf8 16. Qe1 Qg5 17. Kh2 Rg6 18. g3 Ba6 19. Bc1 Rgf6 20. Kg2 Na5 21. f4 exf3+ 22. Rxf3 Qg6 23. Rxf6 Rxf6 24. Bf3 Qc2+ 25. Qd2 Qf5 26. Qd1 Bb7 27. d5 Nxc4 28. e4 Qg6 29. Qe2 exd5 30. exd5 Rxf3 31. Kxf3 Ne5+ 32. Kf2 Qf7+ 33. Ke1 Qxd5 34. c4 Qd4 35. Bb2 Qxb2 36. Qxb2 Nd3+ 37. Kd2 Nxb2 38. Kc3 Na4+ 39. Kb4 Nc5 0-1

[Event "Commonwealth CC-Open 2024"]
[Site "Malacca"]
[Date "2024.02.22"]
[Round "5.16"]
[White "Masli, Muhd Nur Daie"]
[Black "Srija, Seshadri"]
[Result "1-0"]
[ECO "C77"]
[WhiteElo "1867"]
[BlackElo "2291"]
[Annotator "RC"]
[PlyCount "99"]
[EventDate "2024.02.21"]
[EventCountry "MAS"]
[SourceTitle "playchess.com"]
[Source "ChessBase"]
[SourceQuality "1"]
[TimeControl "5400+30"]

1. e4 e5 2. Nf3 Nc6 3. Bb5 a6 4. Ba4 Nf6 5. Qe2 b5 6. Bb3 Bc5 7. O-O O-O 8. c3 Re8 9. d3 h6 10. Rd1 d5 11. h3 Bf8 12. Nbd2 Na5 13. Bc2 c5 14. Nf1 Nc6 15. Ng3 Ra7 16. Be3 d4 17. Bc1 Qd6 18. a3 a5 19. a4 b4 20. cxd4 cxd4 21. Bb3 g5 22. Bd2 Bg7 23. Rdc1 Ne7 24. Rc2 Ng6 25. Rac1 Bd7 26. Nh2 Qa6 27. Ng4 Nf4 28. Bxf4 exf4 29. Nxf6+ Bxf6 30. Qh5 Rf8 31. Qg6+ Bg7 32. Rc6 Qxc6 33. Rxc6 Kh8 34. Qd6 Bxc6 35. Nf5 Ra6 36. Nxg7 Kxg7 37. Qxd4+ Kg8 38. Bc4 Raa8 39. Qf6 Bxa4 40. Qg6+ Kh8 41. Qxh6+ Kg8 42. Qxg5+ Kh7 43. Qf5+ Kg7 44. e5 Be8 45. Qf6+ Kg8 46. Bd5 Ra7 47. Be4 a4 48. Qg5+ Kh8 49. Qh6+ Kg8 50. Qh7# 1-0

[Event "Commonwealth CC-Open 2024"]
[Site "Malacca"]
[Date "2024.02.22"]
[Round "5.18"]
[White "Aminuddin, Muhd Faqih"]
[Black "Pon, Matt"]
[Result "0-1"]
[ECO "E62"]
[WhiteElo "1753"]
[BlackElo "2202"]
[Annotator "RC"]
[PlyCount "120"]
[EventDate "2024.02.21"]
[EventCountry "MAS"]
[SourceTitle "playchess.com"]
[Source "ChessBase"]
[SourceQuality "1"]
[TimeControl "5400+30"]

1. Nf3 Nf6 2. c4 g6 3. g3 Bg7 4. Bg2 O-O 5. Nc3 d6 6. d4 c6 7. O-O Qa5 8. h3 e5 9. d5 cxd5 10. cxd5 Nbd7 11. Nd2 a6 12. Nc4 Qc7 13. Ne3 b5 14. a4 b4 15. Na2 a5 16. Bd2 Ba6 17. Rc1 Nc5 18. Nc4 Bxc4 19. Rxc4 Nfd7 20. Be3 Qd8 21. Bxc5 Nxc5 22. Nc1 e4 23. b3 Qe7 24. e3 Qe5 25. Re1 Rfe8 26. Re2 Qh5 27. Qc2 Qxd5 28. Rd2 Qe6 29. Ne2 f5 30. Nf4 Qe7 31. Bf1 Be5 32. Nd5 Qb7 33. Rxc5 dxc5 34. Qxc5 Qa7 35. Nb6 Rab8 36. Bc4+ Kh8 37. Bb5 Re6 38. Nd7 Qxc5 39. Nxc5 Rd6 40. Rxd6 Bxd6 41. Ne6 Rc8 42. Nd4 Rc3 43. Bc4 Be5 44. Nb5 Rc1+ 45. Kg2 Rxc4 46. bxc4 b3 47. c5 Kg8 48. Kf1 Kf7 49. Ke2 Ke6 50. c6 b2 51. Na3 Kd5 52. Kd1 Kxc6 53. Kc2 Kc5 54. Kb3 g5 55. Nb1 h5 56. Nd2 h4 57. gxh4 gxh4 58. Kc2 Kb4 59. f3 Bc3 60. Nb1 exf3 0-1